Map: Orbital Shipyard

Players

Lethologica - Winner!

  • Race: Terran Terran
  • League: Platinum

Chumbi

  • Race: Zerg Zerg
  • League: Diamond

VOD

Have the link to the VOD?

Description

Time

  • Played on: Nov. 23, 2015, 10:57 p.m.
  • Length: 12:20
Show
View Real Time Build Order
Export as new Build Order

Lethologica Terran - Winner!

Build Orders: Command Center First (CC), Bio Mine 

Get SALT Encoding   

  12  0:00  SCV  
  13  0:12  SCV  
  14  0:19  Supply Depot  
  14  0:24  SCV  
  15  0:41  SCV  
  16  0:53  SCV  
  17  1:00  Command Center  
  17  1:10  Barracks  
  17  1:14  SCV  
  18  1:21  Refinery  
  18  1:26  SCV  
  19  1:38  SCV  
  20  1:40  Refinery  
  20  1:50  SCV  
  21  1:58  Marine  
  22  2:04  Orbital Command  
  22  2:11  Orbital Command  
  22  2:15  Marine  
  23  2:24  Bunker  
  23  2:28  Factory  
  23  2:32  SCV  
  23  2:33  Marine  
  23  2:36  SCV  
  26  2:44  SCV  
  26  2:48  SCV  
  28  2:52  Barracks  
  28  2:57  SCV  
  29  3:01  SCV  
  29  3:07  Barracks Tech Lab  
  29  3:09  SCV  
  29  3:12  Supply Depot  
  30  3:13  SCV  
  30  3:14  Factory Reactor  
  31  3:21  SCV  
  31  3:22  Barracks  
  31  3:25  SCV  
  33  3:28  Stimpack  
  33  3:33  SCV  
  34  3:37  SCV  
  35  3:43  Command Center  
  35  3:45  SCV  
  36  3:50  Supply Depot  
  36  3:51  SCV  
  36  3:54  Barracks Reactor, Marine  
  36  3:55  Widow Mine  
  40  4:01  Widow Mine  
  40  4:02  SCV  
  43  4:03  SCV  
  43  4:09  Engineering Bay  
  44  4:11  Engineering Bay  
  44  4:14  SCV  
  44  4:15  SCV  
  46  4:23  Marauder  
  48  4:25  Widow Mine  
  48  4:26  SCV  
  48  4:27  SCV  
  48  4:30  Supply Depot  
  52  4:31  Marine  
  52  4:32  Marine  
  54  4:48  Terran Infantry Weapons Level 1, Terran Infantry Armor Level 1  
  54  4:51  SCV x2, Widow Mine  
  58  4:53  Starport, Marine x2  
  58  4:54  Barracks  
  60  5:01  Refinery  
  60  5:03  SCV x2  
  60  5:06  Armory  
  62  5:09  Marauder  
  62  5:12  Marine x2  
  62  5:13  Widow Mine  
  68  5:20  SCV x2  
  69  5:30  Orbital Command  
  69  5:32  SCV x2  
  69  5:33  Marine x2  
  69  5:34  Starport Reactor, Marauder  
  75  5:37  Supply Depot  
  75  5:40  Supply Depot, Widow Mine  
  75  5:42  Barracks Reactor  
  77  5:43  Combat Shields  
  77  5:57  Supply Depot  
  77  5:58  Widow Mine  
  77  5:59  SCV x3, Marine x2  
  84  6:04  Refinery  
  84  6:06  Refinery x2  
  84  6:07  Marauder  
  86  6:11  SCV x3  
  86  6:13  Supply Depot  
  86  6:14  Supply Depot  
  86  6:16  Widow Mine  
  86  6:17  Medivac  
  93  6:19  Medivac  
  93  6:23  SCV x3, Marine x3  
  101  6:34  Widow Mine  
  101  6:35  SCV x3, Marauder, Marine  
  101  6:38  Missile Turret  
  109  6:40  Supply Depot, Missile Turret  
  109  6:41  Supply Depot  
  109  6:46  Missile Turret  
  109  6:47  SCV  
  109  6:54  Command Center  
  110  6:55  SCV x2  
  110  6:57  Marine  
  110  6:58  Marine  
  110  6:59  Marine  
  115  7:02  Marauder  
  115  7:07  Widow Mine x2  
  120  7:12  Missile Turret  
  119  7:16  Missile Turret  
  119  7:18  Missile Turret  
  118  7:24  Marauder  
  118  7:48  Widow Mine, Marine x4  
  118  7:49  Marauder, Medivac x2, Widow Mine  
  118  7:50  SCV, Missile Turret  
  133  7:56  Barracks  
  133  7:57  Barracks  
  133  7:59  SCV  
  133  8:00  SCV, Factory  
  133  8:02  SCV  
  127  8:11  SCV  
  127  8:12  Missile Turret  
  126  8:15  Marine x3  
  126  8:16  Marauder, Terran Infantry Armor Level 2, Terran Infantry Weapons Level 2, Marine  
  132  8:21  Concussive Shells  
  132  8:24  SCV  
  133  8:35  Widow Mine  
  133  8:36  SCV, Supply Depot, Marine x3, Medivac x2, Widow Mine  
  133  8:37  Supply Depot  
  133  8:38  Supply Depot  
  145  8:42  Marine  
  145  8:43  Barracks Reactor  
  145  8:44  Barracks Reactor  
  145  8:47  Factory Tech Lab  
  148  8:48  Marauder  
  148  8:50  SCV  
  148  8:53  Marine x2  
  149  8:59  Marine  
  149  9:00  Marine  
  151  9:08  SCV  
  154  9:10  Marauder  
  154  9:12  Marine x2  
  154  9:13  Widow Mine x3  
  154  9:14  Medivac  
  154  9:15  Drilling Claws  
  164  9:17  Marine  
  164  9:21  Marine x3  
  166  9:24  SCV  
  166  9:28  Supply Depot  
  166  9:31  Supply Depot, Marauder, Marine x3  
  124  9:35  Marine  
  124  9:37  Marine  
  126  9:45  Widow Mine, Marine x2  
  123  9:46  Widow Mine  
  123  9:49  Marine x4  
  123  9:52  Marauder, Widow Mine  
  129  9:55  SCV  
  129  9:58  Supply Depot  
  123  10:00  Marine  
  123  10:01  Marine  
  123  10:02  Medivac  
  123  10:05  Medivac  
  123  10:06  Marine  
  118  10:09  Marine x3  
  118  10:11  SCV  
  118  10:14  Widow Mine, Marauder  
  126  10:22  Command Center  
  126  10:23  Marine x2  
  126  10:24  Widow Mine  
  126  10:25  Marine  
  126  10:27  Widow Mine, Marine x2  
  135  10:29  Marine  
  135  10:30  Marine  
  135  10:35  Marauder  
  139  10:37  Medivac x2  
  143  10:44  Marine x2  
  143  10:46  Missile Turret  
  143  10:48  Marine x2  
  143  10:49  Marine x2  
  148  10:55  Widow Mine, Marine x2  
  148  10:56  Marauder, Widow Mine  
  150  10:58  SCV  
  150  11:01  Marine  
  150  11:02  Marine  
  150  11:03  Widow Mine  
  155  11:06  Marine  
  155  11:07  Medivac  
  154  11:14  Marine x3  
  154  11:18  Marauder  
  159  11:24  Widow Mine  
  153  11:38  Widow Mine, Marine x5  
  153  11:39  Marauder, Medivac x2, Widow Mine  
  161  11:40  Marine x2  
  163  11:52  Marine  
  164  11:59  Marine  
  164  12:00  Marine x6  
  168  12:09  Command Center  
Show
View Real Time Build Order
Export as new Build Order

Chumbi Zerg 

Build Orders: Hatch First 

Get SALT Encoding   

  12  0:01  Drone  
  13  0:09  Drone  
  14  0:19  Drone, Extractor  
  14  0:20  Extractor  
  13  0:21  Drone  
  13  0:27  Overlord  
  16  0:46  Drone x2  
  18  0:57  Hatchery  
  18  0:59  Drone  
  18  1:13  Spawning Pool  
  18  1:16  Extractor  
  18  1:17  Drone  
  17  1:20  Drone  
  18  1:42  Hatchery  
  18  1:44  Drone  
  18  1:48  Drone  
  18  1:50  Drone  
  20  2:00  Queen  
  22  2:07  Overlord  
  22  2:12  Drone  
  22  2:14  Drone  
  24  2:22  Drone x2  
  26  2:31  Metabolic Boost  
  26  2:33  Drone  
  26  2:34  Extractor  
  26  2:36  Drone  
  27  2:42  Drone  
  28  2:44  Drone  
  28  2:48  Queen  
  31  3:01  Drone x2  
  31  3:02  Drone  
  31  3:03  Overlord  
  34  3:07  Drone x2  
  36  3:18  Lair  
  36  3:19  Zergling x6  
  39  3:22  Zergling x2  
  39  3:24  Zergling x2  
  41  3:29  Zergling x4  
  41  3:32  Drone x2  
  45  3:37  Queen  
  45  3:39  Drone  
  48  3:41  Drone  
  48  3:45  Overlord  
  49  3:51  Drone  
  49  3:53  Overlord  
  50  3:59  Spore Crawler  
  50  4:00  Spore Crawler  
  48  4:06  Spore Crawler  
  48  4:07  Drone x2  
  48  4:08  Spore Crawler, Drone  
  49  4:10  Drone  
  49  4:12  Drone  
  51  4:22  Drone  
  51  4:23  Spire  
  51  4:25  Drone x2  
  51  4:27  Drone  
  54  4:34  Drone x4  
  54  4:36  Drone  
  59  4:42  Drone x2, Extractor  
  59  4:43  Zergling x2  
  59  4:44  Zergling x2, Extractor  
  61  4:51  Baneling Nest  
  60  4:58  Extractor, Zergling x10  
  60  4:59  Extractor, Zergling x2  
  64  5:11  Evolution Chamber, Drone x2  
  64  5:12  Evolution Chamber, Drone x2  
  66  5:14  Overlord x2  
  66  5:38  Mutalisk x3  
  66  5:39  Mutalisk x2  
  76  5:42  Zerg Flyer Weapons Level 1  
  76  5:43  Drone x2  
  76  5:44  Drone x3  
  81  5:51  Drone  
  81  5:53  Overlord x2  
  81  5:55  Zerg Melee Weapons Level 1  
  82  6:01  Overlord  
  82  6:02  Overlord  
  82  6:11  Overlord  
  82  6:12  Mutalisk x2  
  82  6:16  Mutalisk  
  88  6:19  Mutalisk  
  88  6:23  Overseer  
  88  6:25  Pneumatized Carapace  
  90  6:27  Drone x2  
  90  6:28  Drone  
  90  6:30  Drone  
  94  6:33  Drone x2  
  94  6:34  Drone  
  94  6:36  Drone  
  94  6:39  Mutalisk  
  100  6:43  Mutalisk  
  102  6:48  Drone  
  102  6:49  Drone x4  
  102  6:51  Drone  
  102  6:53  Drone  
  110  6:54  Drone  
  110  7:05  Mutalisk x4  
  116  7:25  Mutalisk x3  
  120  7:41  Mutalisk x2  
  120  7:43  Overlord x5  
  122  7:50  Overlord x4  
  122  7:52  Baneling x6  
  122  7:53  Overlord, Baneling x5  
  122  7:54  Overlord  
  122  8:04  Hatchery  
  121  8:12  Mutalisk x3  
  123  8:14  Drone x2  
  129  8:21  Mutalisk x2  
  133  8:36  Zerg Flyer Weapons Level 2  
  133  8:39  Mutalisk  
  135  8:41  Zergling x2  
  135  8:42  Zergling x8  
  135  8:46  Zerg Ground Armor Level 1  
  140  9:09  Baneling x14  
  140  9:12  Zergling x4  
  140  9:13  Zergling x16  
  118  9:38  Overseer  
  118  9:41  Mutalisk x4  
  118  9:43  Zergling x8  
  118  10:05  Mutalisk x3  
  118  10:06  Mutalisk  
  122  10:07  Zergling x6  
  122  10:09  Overseer x2  
  125  10:16  Queen  
  125  10:17  Zergling x2  
  125  10:18  Zergling x10  
  133  10:30  Mutalisk  
  133  10:31  Mutalisk x2  
  133  10:32  Zergling x2  
  140  10:43  Drone x4  
  134  10:56  Baneling  
  132  10:57  Baneling x12  
  132  11:01  Zergling x20  
  132  11:02  Zergling x4  
  109  11:37  Mutalisk x6  
  109  11:39  Zergling x12  
  114  11:52  Mutalisk x2  
  114  11:53  Mutalisk  
  116  11:57  Zergling x2  
Tags
 
Add a new tag
Caveats
  • Supply blocks, unpowered buildings, or Contaminate may cause inaccurate times.
  • Supply counts are checked every 10 seconds.